← All builds
Pond / Armada / Economy first / OBSERVED BUILD

Standard pond

Armada Pond build order · Supreme Isthmus

Pond's usual economy-first play: Bot Lab around 5:35, boosting the fronts with tidal/wind, then Advanced Metal Extractor and T1 units to help front.

#eco #team support · 491 distinct matches · 109 players · 59% of Armada Pond games · team won 49% of 559 · Recently observed

HOW TO PLAY IT

Key timing: Bot Lab by 5:42

  1. Open tidal, then wind to start boosting front's economy.
  2. Take mex and keep boosting wind or tidal depending on front's needs.
  3. Get a Bot Lab up, start sending Tick and Pawn to front.
  4. Add Advanced Metal Extractor to scale up team's economy.
  5. Switch to tick spam if enemy reaches T2 front before you do.

Phase by phase

TYPICAL OF ITS 491 GAMES
  1. 1
  2. 2
PLAY THE OPENING

Follow the example game's first 6:00 step by step: what to build now, what comes next, and where it goes. At 1× it keeps pace with your own game.

  1. 1

    Up to the Bot Lab

    Economy
    • Metal Extractor4Mex
    • Wind Turbine10Wind
    • Tidal Generator8Tidalfor allies
    • Tidal Generator1Tidal
    • Energy Storage1Energy storage
    Order
    1. Bot LabBot Lab after 4 mex, 10 wind, 1 energy storagedone ~5:35, middle half 3:31–7:01

    Some games also: converter (45%)

    By 5:05 in all: 4 mex · 10 wind · 1 tidal · 1 energy storage

    The example game in this phase · 11 steps
    1. Tidal ×8for Front
    2. Tidal
    3. Mex
    4. Wind
    5. Mex ×3
    6. Wind
    7. Energy storage
    8. Wind ×9
    9. Converter ×4
    10. Wind ×10
    11. Bot LabBot Labdone 5:48 · typical 5:35
  2. 2

    Bot Lab to 10:00

    Economy
    • Wind Turbine16Wind
    Builders
    • Construction Turret1 Con turret
    • Construction Bot2 Con bot
    Army
    • Tick1 Tick

    Some games also: Lazarus (47%) · converter (45%)

    By 10:00 in all: 4 mex · 31 wind · 1 tidal · 5 converter · 1 energy storage · 2 con turret

    The example game in this phase · 42 steps
    1. Construction BotCon bot ×2
    2. TickTick ×3
    3. Con turret
    4. TickTick ×18
    5. Con turret
    6. TickTick ×4
    7. PawnPawn
    8. Con turret
    9. PawnPawn ×19
    10. Advanced Metal ExtractorT2 mexdone 10:31 · typical 9:54
    11. PawnPawn
    12. Advanced Metal ExtractorT2 mex
    13. Construction BotCon bot
    14. Advanced Metal ExtractorT2 mex
    15. Construction BotCon bot ×3
    16. Advanced Metal ExtractorT2 mex
    17. Wind
    18. Construction BotCon bot
    19. Wind
    20. PawnPawn ×2
    21. Wind
    22. PawnPawn ×2
    23. Wind
    24. Fusion ReactorFusiondone 14:05
    25. PawnPawn
    26. Wind
    27. Construction BotCon bot
    28. Wind ×8
    29. T2 converter
    30. Wind ×2
    31. Construction BotCon bot
    32. Wind
    33. Construction BotCon bot
    34. Wind ×2
    35. Fusion ReactorFusion
    36. Converter
    37. Wind ×2
    38. PawnPawn ×2
    39. Converter
    40. Wind
    41. PawnPawn
    42. Wind

Counts are medians over the build's games: half of them build more, half fewer. The example game is heart_attack's (35 OS, 15/09/2026); pick another.

Team trades

IN AT LEAST 30% OF ITS GAMES

You hand over

  • Tidal Generator8 Tidal to Suicide front or Frontfirst at 0:10 · in 90% of games

You get

  • Hercules1 Light transport from Air or Techfirst at 4:26 · in 30% of games
  • Hephaestus1 Heavy transport from Air or Techfirst at 4:43 · in 38% of games
  • Fatboy1 Fatboy from Techfirst at 5:03 · in 40% of games
  • Sharpshooter2 Sniper bot from Techfirst at 5:16 · in 42% of games
  • Advanced Construction Bot1 T2 con bot from Techfirst at 8:17 · in 92% of games

How it plays out

Typical game of this build, running totals by minute

Metal produced

010k20k
0:005:0010:0015:00

metal

Enemy metal destroyed

02k4k6k
0:005:0010:0015:00

metal

Own metal lost

02k4k
0:005:0010:0015:00

metal

559 games.

Show as table
ByMetal produced: This buildEnemy metal destroyed: This buildOwn metal lost: This build
1:0011500
2:0027300
3:0082000
4:00151000
5:00223100
6:00298400
7:0038504540
8:0047571237138
9:0057191963370
10:0069182763714
11:00841732701149
12:001038635791578
13:001269541841940
14:001506647452417
15:001770253143015
WHAT THE NUMBERS SAY

This is the role's standard support job, winning slightly under half its games while contributing modest kills for modest losses.

  • + Keeps own losses fairly low relative to kills (2827 destroyed vs 756 lost by 10:00).
  • + Reaches T2 constructor reliably (89% of games) by 8:10.
  • − Metal production trails other roles at 6855 by 10:00.
  • − No kills registered by 5:00, slow to impact the fight.
THE EXAMPLE YOU ARE READING

heart_attack

35.0 OS · 15/09/2026

Open source match ↗

3 received units · includes a constructor
53 metal received · 25973 energy received

Allied construction assistance is unknown. Timings are observations, not a promise of solo reproducibility.

Typical milestones

Bot Lab5:35Middle 50%: 3:31–7:01 · n=502
Advanced Metal Extractor9:54Middle 50%: 8:59–10:38 · n=507

Played most by

Viltrum45games of this buildTeaner39games of this buildUsurpeR28games of this buildzeus_on_god23games of this buildRogShotz20games of this build